 Dungeon Crawl Stone Soup version 0.31-a0-265-gcf7e37af1d (webtiles) character file.

Game seed: 7468190253902365309

35 qw the Shooter (level 3, -6/21 HPs)
             Began as a Gargoyle Hexslinger on July 13, 2023.
             Mangled by a gnoll
             ... wielding a +0 club
              (8 damage)
             ... on level 2 of the Dungeon.
             The game lasted 00:00:18 (769 turns).

qw the Shooter (Gargoyle Hexslinger)                 Turns: 769, Time: 00:00:18

Health: -6/21      AC:  8    Str: 11    XL:     3   Next: 33%
Magic:  4/4        EV:  9    Int: 13    God:
Gold:   34         SH:  0    Dex: 14    Spells: 3/4 levels left

rFire   . . .        Y - +1 sling
rCold   . . .        (no shield)
rNeg    + . .        c - +0 robe
rPois   inf          (no helmet)
rElec   +            (no cloak)
rCorr   .            (no gloves)
SInv    .            h - +2 pair of boots
Will    .....        (no amulet)
Stlth   +            (no ring)
HPRegen 0.23/turn    (no ring)
MPRegen 0.09/turn

%: no passive effects
@: constricted
A: sickness immunity, AC +3, negative energy resistance 1, electricity
resistance, torment resistance 1, petrification resistance
a: no special abilities


You were on level 2 of the Dungeon.
You visited 1 branch of the dungeon, and saw 2 of its levels.

You collected 34 gold pieces.


Innate Abilities, Weirdness & Mutations

You are immune to sickness and miasma.
Your stone body is resilient. (AC +3)
You are immune to poison.
You resist negative energy. (rN+)
You are resistant to electric shocks. (rElec)
You are resistant to unholy torment.
You are immune to petrification.


   Skills:
 - Level 2.0 Fighting
 + Level 3.3 Ranged Weapons
 - Level 1.5 Dodging
 - Level 1.0 Spellcasting
 - Level 2.6 Hexes


You had 3 spell levels left.
You knew the following spells:

 Your Spells              Type           Power      Damage    Failure   Level
a - Slow                  Hex            28%        N/A       10%         1

Your spell library contained the following spells:

 Spells                   Type           Power      Damage    Failure   Level
 Inner Flame              Hex/Fire       4%         N/A       43%         3
 Portal Projectile        Hex/Tloc       8%         N/A       43%         3
 Cause Fear               Hex            3%         N/A       67%         4

Inventory:

Hand Weapons
 Y - a +1 sling (weapon)
Armour
 c - a +0 robe (worn)
 h - a +2 pair of boots (worn)
Scrolls
 a - a scroll of identify
Potions
 d - a potion of mutation {unknown}
 f - a potion of attraction {unknown}
 g - a potion of degeneration {unknown}

Dungeon Overview and Level Annotations

Branches:
Dungeon (2/15)

Altars:


Message History

The gnoll moves out of view.
Enter note:
Enter note: You shoot a sling bullet.
The gnoll shouts!
The sling bullet hits the gnoll.
The gnoll is lightly wounded.
You shoot a sling bullet.
The sling bullet closely misses the gnoll.
You shoot a sling bullet.
The sling bullet barely misses the gnoll.
A ball python comes into view.
The ball python moves out of view.
You shoot a sling bullet. The sling bullet hits the gnoll.
The gnoll is moderately wounded.
You shoot a sling bullet. The ball python hisses angrily.
The sling bullet hits the gnoll.
The gnoll is heavily wounded.
The gnoll closely misses you. The gnoll hits you but does no damage.
You shoot a sling bullet.
The sling bullet barely misses the gnoll.
The gnoll hits you with a +0 flail. The gnoll closely misses you.
You shoot a sling bullet.
The sling bullet barely misses the gnoll.
The gnoll barely misses you. x2
The gnoll hits you from afar with a +0 spear.
You shoot a sling bullet. The sling bullet hits the gnoll.
The gnoll is severely wounded.
The gnoll hits you with a +0 flail. The gnoll hits you with a +0 club.
The gnoll barely misses you.
You shoot a sling bullet.
The sling bullet closely misses the gnoll.
The ball python bites you but does no damage.
The ball python grabs you. The ball python constricts you.
The gnoll hits you with a +0 club. The gnoll barely misses you.
The gnoll hits you from afar with a +0 spear.
The ball python closely misses you. The ball python constricts you.
The gnoll barely misses you. The gnoll hits you with a +0 club!
You die...

#.#........#.
###.#........?
.............#. $
.................
#.#..........#.#
#.....#.#..... ..
.#.#.....Sg#g#....
.........@g......
#.#####...#.#.###
#.### #%#.# #
....##.#.#
#...#.###.#
#...#.....#
#...%.##### ###
###.###
....###.####


You could see 3 gnolls and a ball python.

Vanquished Creatures
  An adder (D:2)
  4 endoplasms (D:1)
  2 giant cockroaches (D:1)
  3 goblins (D:1)
  3 hobgoblins
  A quokka (D:1)
  3 ball pythons
  2 bats (D:1)
  2 frilled lizards (D:1)
  2 kobolds (D:1)
  2 rats (D:2)
25 creatures vanquished.

Notes
Turn   | Place    | Note
-------+----------+-------------------------------------------
     0 | D:1      | qw the Gargoyle Hexslinger began the quest for the Orb.
     0 | D:1      | Reached XP level 1. HP: 12/12 MP: 2/2
     0 | D:1      | 0 ||| qw: Version: 0.3-a-52-g30416fa
     0 | D:1      | 0 ||| qw: Game counter: 7582
     0 | D:1      | 0 ||| qw: Melee chars always use a shield: true
     0 | D:1      | 0 ||| qw: God list: Okawaru
     0 | D:1      | 0 ||| qw: Allow faded altars: false
     0 | D:1      | 0 ||| qw: Do Orc after clearing Dungeon:15 true
     0 | D:1      | 0 ||| qw: Do second Lair branch before Depths: true
     0 | D:1      | 0 ||| qw: Lair rune preference: random
     0 | D:1      | 0 ||| qw: Goals: Normal
     0 | D:1      | 0 ||| PLANNING D:1-11
    78 | D:1      | Reached XP level 2. HP: 15/16 MP: 3/3
   182 | D:1      | Reached skill level 3 in Ranged Weapons
   671 | D:1      | 671 ||| UPGRADING to +2 pair of boots.
   676 | D:1      | 676 ||| READING scroll labelled CUZYT ABYT.
   677 | D:1      | 677 ||| DROPPING scroll of poison.
   723 | D:2      | Reached XP level 3. HP: 21/21 MP: 4/4
   769 | D:2      | HP: 5/21 [gnoll/+0 club (5)]
   769 | D:2      | HP: 2/21 [gnoll/+0 spear (3)]
   769 | D:2      | Mangled by a gnoll

Levels and vault maps discovered:
D:1:      amcnicky_arrival_underground_garden, layout_loops_ring, serial_bayou,
          serial_bayou_pond_d, serial_bayou_pond_b, serial_bayou_shore_b,
          serial_bayou_shore_b
D:2:      layout_basic

Skill      XL: |  1  2 |
---------------+-------+-----
Ranged Weapons | 3 |  3.3
Fighting       | 2 |  2.0
Dodging        | |  1.5
Spellcasting   | |  1.0
Hexes          | |  2.6

Action                     || total
---------------------------++-------
   Fire: Sling             ||    74
    Use: Scroll            ||     1
 Armour: Robe              ||    11
  Dodge: Dodged            ||    21

Table legend:
 A = Non-vault XP
 B = Vault XP
 C = Vault XP percentage of total XP
 D = Non-vault monster count
 E = Vault monster count
 F = Vault count percentage of total count
                 A         B        C        D         E       F
            +---------+---------+-------+---------+---------+-------
      Total |      47 |       3 |   6.0 |      23 |       2 |   8.0
            +---------+---------+-------+---------+---------+-------
        D:1 |      29 |       3 |   9.4 |      18 |       2 |  10.0
        D:2 |      18 |       0 |   0.0 |       5 |       0 |   0.0
            +---------+---------+-------+---------+---------+-------
